Map: Ruins of Seras

Players

AcerBly (Bly) - Winner!

  • Race: Zerg Zerg
  • League: Master

frozz

  • Race: Terran Terran
  • League: Master

Event: DreamHack ZOWIE Open Leipzig

VOD

Have the link to the VOD?

Description

Time

  • Played on: Jan. 22, 2016, 7:50 a.m.
  • Length: 7:18

All games in this series

Show
View Real Time Build Order
Export as new Build Order

AcerBly Zerg - Winner!

Build Orders: 2 Base Muta, Hatch First, Zergling Mutalisk 

Get SALT Encoding   

  12  0:00  Drone  
  13  0:13  Overlord  
  13  0:21  Drone  
  14  0:30  Overlord  
  14  0:31  Drone  
  15  0:39  Drone  
  16  0:57  Hatchery  
  16  1:00  Drone  
  16  1:15  Spawning Pool  
  16  1:18  Drone  
  16  1:24  Drone  
  17  1:25  Extractor  
  17  1:28  Drone  
  17  1:31  Drone  
  18  1:44  Drone  
  19  2:01  Queen  
  19  2:02  Zergling x2  
  19  2:03  Zergling x2  
  23  2:08  Queen  
  23  2:10  Zergling x2  
  23  2:12  Drone  
  27  2:20  Drone  
  28  2:23  Drone  
  29  2:31  Metabolic Boost, Drone  
  29  2:33  Drone  
  33  2:45  Overlord  
  33  2:50  Queen  
  33  2:53  Drone x2  
  35  3:02  Lair  
  35  3:05  Drone x2  
  35  3:06  Drone  
  35  3:12  Drone x2  
  39  3:24  Zergling x8, Extractor  
  42  3:29  Overlord  
  42  3:31  Queen  
  44  3:43  Overlord  
  44  3:54  Drone x4  
  44  3:55  Drone x3, Extractor  
  49  4:03  Extractor  
  49  4:07  Zergling x8  
  51  4:11  Spire  
  51  4:13  Drone  
  51  4:19  Drone x2  
  50  4:26  Overlord  
  50  4:31  Spore Crawler  
  48  4:32  Spore Crawler, Drone x2  
  49  4:43  Zergling x2  
  49  4:44  Zergling x8  
  54  4:49  Overseer  
  54  4:54  Zergling x6  
  54  4:56  Drone  
  50  5:22  Mutalisk x6  
  50  5:25  Drone x2  
  64  5:35  Mutalisk  
  64  5:36  Mutalisk  
  64  5:38  Overlord  
  65  5:59  Hatchery  
  62  6:04  Mutalisk  
  62  6:05  Mutalisk x2  
  62  6:07  Drone  
  68  6:14  Drone x2  
  68  6:15  Drone x2  
  72  6:21  Drone x2  
  74  6:29  Drone x2  
  74  6:32  Overlord  
  76  6:36  Overlord  
  76  6:53  Mutalisk x4  
  82  6:57  Roach Warren  
  82  7:01  Drone  
Show
View Real Time Build Order
Export as new Build Order

frozz Terran 

Build Orders: Hellion Banshee 

Get SALT Encoding   

  12  0:00  SCV  
  13  0:13  SCV  
  14  0:17  Supply Depot  
  14  0:25  SCV  
  15  0:39  SCV  
  15  0:41  Barracks  
  16  0:46  Refinery  
  16  0:51  SCV  
  17  1:03  SCV  
  18  1:15  SCV  
  19  1:28  Orbital Command  
  19  1:39  Command Center  
  19  1:41  Marine  
  20  1:53  Factory  
  20  1:58  SCV  
  21  2:06  Barracks Reactor  
  21  2:10  SCV  
  21  2:12  Supply Depot  
  22  2:16  Refinery  
  22  2:22  SCV  
  23  2:34  SCV  
  24  2:46  SCV  
  24  2:47  Hellion x2  
  24  2:50  Orbital Command  
  29  2:56  Starport  
  29  2:59  SCV  
  29  3:00  Barracks Tech Lab  
  30  3:08  Hellion  
  32  3:13  Hellion  
  32  3:17  SCV  
  32  3:19  SCV  
  36  3:30  Supply Depot  
  36  3:31  SCV  
  36  3:32  Hellion  
  39  3:35  SCV  
  39  3:38  Hellion  
  41  3:50  Banshee  
  41  3:54  Hellion  
  40  3:58  SCV  
  40  4:05  Hellion  
  40  4:07  SCV  
  43  4:10  SCV  
  43  4:15  Hellion  
  46  4:19  SCV  
  46  4:20  Bunker  
  47  4:30  Hellion  
  49  4:33  Banshee  
  49  4:34  SCV  
  49  4:37  Supply Depot  
  49  4:38  Hellion  
  55  4:39  Barracks Tech Lab  
  55  4:41  SCV  
  56  4:47  SCV  
  56  4:52  Hellion  
  59  4:53  SCV  
  59  4:59  SCV, Hellion  
  55  5:20  Liberator  
  55  5:26  SCV  
  52  5:29  Barracks  
  52  5:30  Refinery, Barracks  
  52  5:31  Engineering Bay  
  52  5:33  Command Center, Marine  
  53  5:39  SCV  
  53  5:40  SCV  
  58  5:48  Liberator  
  57  5:51  SCV, Marine  
  57  5:56  SCV  
  56  6:02  Liberator  
  47  6:07  SCV  
  47  6:08  SCV  
  50  6:18  Missile Turret  
  50  6:19  SCV  
  50  6:20  SCV  
  50  6:21  Missile Turret  
  55  6:28  Marine  
  55  6:29  Siege Tank  
  55  6:31  SCV  
  60  6:33  SCV  
  58  6:43  SCV  
  55  6:54  Marine  
  52  6:55  SCV  
  52  6:56  SCV  

Tags
 
Add a new tag
Caveats
  • Supply blocks, unpowered buildings, or Contaminate may cause inaccurate times.
  • Supply counts are checked every 10 seconds.